 Dungeon Crawl Stone Soup version 0.20-a0-1122-gb7cbeb9 (webtiles) character file.

2622249 Leszczynek the Brawler (level 26, 174/174 HPs)
             Began as a Vine Stalker Wanderer on May 13, 2017.
             Was the Champion of Cheibriados.
             Escaped with the Orb
             ... and 3 runes on May 14, 2017!
             The game lasted 03:50:30 (31233 turns).

Leszczynek the Brawler (Vine Stalker Wanderer)     Turns: 31233, Time: 03:50:30

Health: 174/174    AC: 38    Str: 34    XL:     26   Next: 65%
Magic:  42/42      EV: 26    Int: 42    God:    Cheibriados [******]
Gold:   4036       SH: 21    Dex: 35    Spells: 7/53 levels left

rFire    + . .     SeeInvis +     - Unarmed
rCold    + + .     Gourm    .   g - +3 shield {AC+3}
rNeg     + + .     Faith    .   (armour currently unavailable)
rPois    ∞         Spirit   +   M - +2 helmet {Int+3}
rElec    +         Reflect  .   T - +2 cloak {MR+}
rCorr    .         Harm     .   (gloves currently unavailable)
MR       +++++                  (boots currently unavailable)
Stlth    +++.......             N - macabre finger necklace {rN+}
Regen    2.2/turn               W - ring "Jerag" {rF+ Dex+4 Stlth+}
MPRegen  0.3/turn               k - ring of the Assorted Nights {Wiz rElec rPois rC+ Int+6}
                                o - ring of Seyrrame {+Blink rC+ MR+ SInv}

@: statue-form, regenerating, studying Crossbows, very slow
A: fangs 3, talons 1, clever 1, clumsy 1, regeneration 2, magic shield,
antimagic bite, no potion heal 3, rot immunity
0: Orb of Zot
}: 3/15 runes: decaying, serpentine, silver
a: End Transformation, Bend Time, Temporal Distortion, Slouch, Step From Time,
Renounce Religion, Evoke Blink


You escaped.
You worshipped Cheibriados.
Cheibriados was exalted by your worship.
You were very full.
You were a stone statue.
You visited 11 branches of the dungeon, and saw 53 of its levels.
You also visited: Labyrinth, Volcano and Wizlab.

You collected 5514 gold pieces.
You spent 1478 gold pieces at shops.

Inventory:

Hand Weapons
 b - a +9 hand crossbow of electrocution
Missiles
 y - 746 bolts
 R - a throwing net (quivered)
Armour
 f - a +2 pair of boots of flying (melded)
 g - a +3 shield of protection (worn)
 K - the +2 pair of gloves of Cif Lecw (melded) {Dex+3}
   (You found it on level 5 of the Vaults)

   It affects your dexterity (+3).
 M - a +2 helmet of intelligence (worn)
 Q - a +1 troll leather armour (melded)
 T - a +2 cloak of magic resistance (worn)
Jewellery
 k - the ring of the Assorted Nights (right hand) {Wiz rElec rPois rC+ Int+6}
   (You bought it in a shop on level 10 of the Dungeon)

   [ring of wizardry]

   It improves your spell success rate.
   It affects your intelligence (+6).
   It protects you from cold.
   It insulates you from electricity.
   It protects you from poison.
 n - an uncursed amulet of magic regeneration
 o - the ring of Seyrrame (on amulet) {+Blink rC+ MR+ SInv}
   (You took it off a deep elf blademaster on level 3 of the Elven Halls)

   [ring of see invisible]

   It protects you from cold.
   It affects your resistance to hostile enchantments.
   It lets you see invisible.
   It lets you blink.
 N - the macabre finger necklace (around neck) {rN+}
   (You found it on level 1 of the Crypt)

   [amulet of nothing]

   It protects you from negative energy.
 O - an uncursed ring of protection from fire
 W - the ring "Jerag" (left hand) {rF+ Dex+4 Stlth+}
   (You found it on level 5 of the Vaults)

   [ring of protection from fire]

   It affects your dexterity (+4).
   It protects you from fire.
   It makes you more stealthy.
Wands
 s - a wand of confusion (28/48)
 B - a wand of enslavement (17/24)
 I - a wand of digging (6/24)
Scrolls
 a - 4 scrolls of recharging
 e - 8 scrolls of teleportation
 h - 14 scrolls of remove curse {@r2}
 m - 6 scrolls of identify {@r1}
 q - 4 scrolls of blinking
 A - a scroll of summoning
 D - 4 scrolls of fear
 J - 8 scrolls of fog
 S - 2 scrolls of holy word {!r}
Potions
 i - 9 potions of brilliance
 j - 2 potions of mutation {!q}
 l - a potion of ambrosia
 p - 7 potions of might
 r - a potion of agility
 t - 2 potions of magic
 u - a potion of invisibility
 w - 6 potions of cancellation
 L - 19 potions of curing {@q1}
 P - 3 potions of resistance
Books
 F - a book of the Tempests

   Spells                             Type                      Level
   a - Static Discharge               Conjuration/Air              3
   b - Lightning Bolt                 Conjuration/Air              5
   c - Ignition                       Fire                         8
   d - Tornado                        Air                          9
   e - Shatter                        Earth                        9
 X - a Necronomicon

   Spells                             Type                      Level
   a - Haunt                          Necromancy/Summoning         7
   b - Borgnjor's Revivification      Necromancy                   8
   c - Death's Door                   Charms/Necromancy            8
   d - Infestation                    Necromancy                   8
   e - Necromutation                  Transmutation/Necromancy     8
 Z - a manual of Crossbows
Miscellaneous
 c - 3 boxes of beasts
 x - 3 phantom mirrors
 z - a phial of floods
 G - a fan of gales
 H - 2 sacks of spiders
 V - a lightning rod (4/4)
Comestibles
 d - 21 bread rations
 v - 12 meat rations
 C - 17 fruits
 E - 11 royal jellies


   Skills:
 - Level 12.3 Fighting
   Level 1.0 Maces & Flails
 + Level 11.5 Crossbows
 - Level 9.1 Armour
 - Level 11.1 Dodging
 - Level 10.0 Stealth
 - Level 15.1 Shields
 - Level 17.3 Unarmed Combat
 - Level 14.1 Spellcasting
 - Level 14.2 Charms
 - Level 10.6 Summonings
 - Level 13.9 Necromancy
 - Level 10.4 Translocations
 - Level 7.6 Transmutations
 - Level 6.0 Air Magic
 - Level 7.6 Earth Magic
 + Level 13.8 Invocations
 - Level 8.0 Evocations


You had 7 spell levels left.
You knew the following spells:

 Your Spells              Type           Power        Failure   Level  Hunger
a - Summon Butterflies    Summ           #######.     0%          1    None
b - Passwall              Tmut/Erth      #######...   1%          2    None
c - Control Undead        Necr           #######...   1%          4    None
d - Passage of Golubria   Tloc           N/A          1%          4    None
e - Animate Skeleton      Necr           N/A          0%          1    None
f - Summon Lightning Spi  Summ/Air       #######.     1%          4    None
g - Aura of Abjuration    Summ           #######...   1%          5    None
h - Death's Door          Chrm/Necr      #######...   9%          8    #####..
i - Malign Gateway        Summ/Tloc      #######...   4%          7    ###....
q - Regeneration          Chrm/Necr      #######...   0%          3    None
w - Statue Form           Tmut/Erth      #######..    2%          6    None
A - Apportation           Tloc           ######       0%          1    None


Dungeon Overview and Level Annotations

Branches:
Dungeon (15/15)            Temple (1/1) D:6            Lair (6/6) D:9
  Swamp (4/4) Lair:4        Snake (4/4) Lair:2        Slime (0/5) Lair:5
    Orc (2/2) D:11            Elf (3/3) Orc:2        Vaults (5/5) D:14
  Crypt (3/3) Vaults:2       Tomb (0/3) Crypt:3      Depths (5/5) D:15
    Zot (5/5) Depths:5

Altars:
Ashenzari
Cheibriados
Elyvilon
Gozag
Hepliaklqana
Kikubaaqudgha
Makhleb
Nemelex Xobeh
Qazlal
Sif Muna
Trog
Uskayaw
Vehumet
Wu Jian
Xom
Yredelemnul
Beogh

Shops:
D:7 *   D:8 %   D:10 =   Orc:1 ?   Orc:2 [[?[   Elf:2 [   Vaults:1 %
Vaults:2 (

Portals:
Pandemonium: Depths:5
Ziggurat: Depths:5
Trove: D:11 (give +4 shadow dragon scales)

Annotations:
D:4 exclusion: upstairs
D:5 berserk duvessa, Prince Ribbit
D:15 1 runed door
Lair:5 exclusion: oklob plant
Swamp:2 Kirke, Nikola
Zot:2 exclusion: 2 oklob plants


Innate Abilities, Weirdness & Mutations

You have razor-sharp teeth.
You heal very quickly.
When hurt, damage is shared between your health and your magic reserves.
Your bite disrupts and absorbs the magic of your enemies.
Potions cannot restore your health.
You are immune to rotting.
You have sharp toenails.
((You are partially covered in thin metallic scales. (AC +2)))
Your mind is acute. (Int +2)
You are clumsy. (Dex -2)


Message History

You barely miss the Orb Guardian. Your kick misses the Orb Guardian.
You bite the Orb Guardian!! You drain its power.
The Orb Guardian is moderately wounded.
The Orb Guardian hits you!! You block the Orb Guardian's attack.
You closely miss the Orb Guardian.
You claw the Orb Guardian, but do no damage.
You bite the Orb Guardian!! You drain its power.
You feel invigorated.
The Orb Guardian is severely wounded.
You block the Orb Guardian's attack.
You pound the Orb Guardian into fine dust!!!
You kill the Orb Guardian!
Cheibriados thoroughly appreciates the change of pace.
No target in view!
No target in view!
Casting: Statue Form
Confirm with . or Enter, or press ? or * to list all spells.
Your skin crawls.
There is a large open door here.
There is a staircase leading out of the dungeon here.
You have escaped!

###''#######.........
###≈≈..§≈####..########
##≈≈≈≈..≈≈≈≈#.#.#
#≈≈≈#§..≈#≈§≈##.#
#§≈≈≈≈..≈≈§§§##.#
≈§§≈§≈..≈≈§≈≈≈#.#
#≈≈§§≈#..#§≈≈≈§#.#
#≈§#≈≈#..#§≈#≈≈#.#
#≈§≈≈≈#.8#§≈≈≈≈#.# §≈≈≈
#### ≈≈≈≈#.# §§§§
≈≈≈#.# ≈≈ ≈≈##.# #.#
#.# #.# ########## #.#
#........###.#


There were no monsters in sight!

Vanquished Creatures
  An orb of fire (Zot:5)
  3 ancient liches (Zot:5)
  2 juggernauts
  4 pandemonium lords
  Saint Roka (Vaults:5)
  Margery (Depths:2)
  2 caustic shrikes (Depths:2)
  A caustic shrike (shapeshifter) (Vaults:3)
  3 golden dragons
  3 Tzitzimimeh
  Jorgrun (Vaults:5)
  3 liches
  A Hell Sentinel (Depths:5)
  Rupert (D:14)
  7 tentacled monstrosities
  29 Orb Guardians
  4 titans
  2 deep elf blademasters (Elf:3)
  5 quicksilver dragons
  2 deep elf master archers (Elf:3)
  An Executioner (D:13)
  4 death cobs
  4 sphinxes
  11 nagarajas
  Roxanne (Elf:3)
  8 tengu reavers
  7 shadow dragons
  3 storm dragons
  A daeva (D:15)
  4 frost giants
  3 draconian knights
  2 draconian monks
  3 fire giants
  4 draconian scorchers
  8 deep elf sorcerers
  A ghost moth (Zot:5)
  10 vault wardens
  2 orc warlords
  A draconian stormcaller (Zot:5)
  2 curse skulls
  4 deep elf elementalists (Elf:3)
  Nessos (Orc:2)
  A reaper (Depths:3)
  8 war gargoyles
  A spriggan defender (Depths:1)
  2 cacodemons
  12 ironheart preservers
  3 draconian annihilators
  3 ghouls (Crypt:2)
  16 stone giants
  5 green draconians
  An entropy weaver (Vaults:5)
  17 very ugly things
  10 deep elf demonologists
  4 vampire knights
  The ghost of Gorglomux the Unseen, a journeyman VSAs of Dithmenos (D:15)
  2 grey draconians (Depths:5)
  3 red draconians
  3 purple draconians
  3 black draconians
  2 yellow draconians (Depths:5)
  7 deep elf annihilators
  3 deep elf death magi
  A spark wasp (Depths:2)
  3 eidola (Crypt:3)
  A blizzard demon (Depths:5)
  An ettin (shapeshifter) (Vaults:5)
  8 ettins
  Snorg (Orc:2)
  9 jiangshi
  4 deep elf high priests
  A mummy priest (Crypt:3)
  9 fire dragons
  Josephine (Orc:2)
  A fire dragon (shapeshifter) (Depths:2)
  9 yaktaur captains
  A minotaur (Lab)
  2 great orbs of eyes
  6 rakshasas
  9 naga warriors
  Erica (D:10)
  9 ice dragons
  2 hell beasts
  27 vault guards
  13 hydras
  3 spriggan air magi
  A queen ant (shapeshifter) (Vaults:4)
  A death knight (D:13)
  17 anacondas
  9 centaur warriors
  12 ogre magi
  35 two-headed ogres
  2 alligators (Swamp:1)
  2 deep troll earth magi
  2 tengu warriors (Depths:2)
  5 orc high priests (Orc:2)
  The ghost of salapander the Covert, a journeyman VSFi of Uskayaw (Volcano)
  Urug (D:10)
  2 deep troll shamans (Depths:2)
  9 dancing weapons
  5 vampire magi
  18 deep elf knights
  4 naga sharpshooters
  6 spriggan berserkers
  Sonja (Lair:2)
  16 hell knights
  5 sun demons
  5 shock serpents
  A fire crab (shapeshifter) (Vaults:2)
  2 shadow wraiths (Crypt:3)
  A soul eater (Crypt:3)
  7 skeletal warriors
  A ghost moth zombie (Crypt:3)
  3 iron trolls (Depths:2)
  A storm dragon skeleton (Crypt:3)
  6 sixfirhies
  The ghost of emiel the Cleaver, a novice FoAs of Cheibriados (D:10)
  A sea snake (shapeshifter) (Depths:2)
  16 deep trolls
  An infernal demonspawn (Depths:5)
  7 swamp dragons
  3 unseen horrors
  11 flayed ghosts
  A shadow demon (D:4)
  12 ironbrand convokers
  2 gelid demonspawn (Depths:3)
  5 naga ritualists
  An anaconda skeleton (Crypt:3)
  3 wizards
  5 harpies (Vaults:3)
  9 deep elf archers
  4 glowing orange brains
  A swamp dragon (shapeshifter) (Vaults:5)
  4 wolf spiders
  16 orc knights
  35 deep elf magi
  5 mana vipers
  A golden dragon skeleton (Crypt:3)
  4 necromancers
  A shadow dragon skeleton (Depths:2)
  10 phantasmal warriors
  8 oklob plants (Zot:2)
  29 ugly things
  5 orc sorcerers
  4 salamanders
  A fire giant zombie (Depths:2)
  A frost giant zombie (Crypt:3)
  7 moths of wrath
  7 cyclopes
  2 human zombies
  2 manticores
  A shock serpent zombie (Crypt:3)
  13 elephants
  3 fire giant skeletons (Crypt:3)
  12 guardian serpents
  Psyche (D:8)
  31 black mambas
  An ice statue (D:13)
  12 naga magi
  A black mamba (shapeshifter) (Depths:2)
  A guardian serpent (shapeshifter) (Vaults:4)
  A rust devil (Depths:2)
  17 vault sentinels
  A spiny frog (shapeshifter) (D:13)
  18 spiny frogs
  An orange demon (D:6)
  7 gargoyles
  A rime drake (Lair:2)
  26 yaktaurs
  A kobold demonologist (D:14)
  2 efreet
  A catoblepas zombie (Crypt:3)
  10 freezing wraiths
  8 komodo dragons
  An ice devil (Depths:5)
  4 hellwings (D:5)
  A yaktaur skeleton (Vaults:1)
  2 hornets (shapeshifter)
  A red devil (Depths:5)
  7 trolls
  18 hornets
  A tyrant leech (Swamp:1)
  A wind drake (shapeshifter) (Vaults:4)
  25 slime creatures
  A queen bee (shapeshifter) (Vaults:5)
  A polar bear (Lair:6)
  An ettin zombie (Depths:2)
  A hippogriff (shapeshifter) (Depths:3)
  7 hippogriffs
  8 blink frogs
  A centaur simulacrum (D:15)
  A bog body (Crypt:2)
  4 redbacks
  12 spriggans
  8 vampires
  5 air elementals
  2 water elementals (Elf:3)
  A fire dragon skeleton (Crypt:3)
  2 ynoxinuls
  4 fire elementals
  A tarantella (Vaults:5)
  12 wraiths
  5 shadows
  15 humans
  13 wyverns
  63 yaks
  2 basilisks
  A hog (shapeshifter) (Elf:3)
  A human (shapeshifter) (Elf:1)
  Grum (D:8)
  2 hogs
  6 hungry ghosts
  A neqoxec (D:12)
  8 vampire mosquitoes
  A black mamba skeleton (Crypt:3)
  A golden eye (shapeshifter) (Depths:2)
  2 chaos spawn
  2 soldier ants (D:13)
  27 nagas
  15 wargs
  10 two-headed ogre zombies (WizLab)
  19 water moccasins
  11 swamp worms
  6 insubstantial wisps (Swamp:1)
  5 acid dragons
  A porcupine (shapeshifter) (Vaults:5)
  Duvessa (D:5)
  11 swamp drakes
  4 black bears
  2 sky beasts
  8 porcupines
  70 orc warriors
  2 phantoms
  2 large abominations (D:13)
  A manticore zombie (Crypt:1)
  2 swamp drakes (shapeshifter)
  An eye of draining (shapeshifter) (Elf:3)
  3 ice beasts
  A black bear (shapeshifter) (Vaults:4)
  9 wolves
  4 boggarts (Vaults:1)
  14 centaurs
  2 necrophages
  A human skeleton (Vaults:1)
  40 ogres
  8 crocodiles
  16 bullfrogs
  4 big kobolds
  2 earth elementals
  A draconian skeleton (Crypt:2)
  A deep troll simulacrum (Vaults:1)
  4 scorpions (D:9)
  A water moccasin skeleton (D:6)
  Dowan (D:5)
  7 troll zombies
  14 wights
  An electric eel (Lair:4)
  4 howler monkeys
  4 crimson imps
  2 bullfrog skeletons (D:12)
  8 jellies
  9 hounds
  37 orc wizards
  32 orc priests
  4 centaur skeletons
  An iguana (D:12)
  9 worker ants
  A porcupine skeleton (Crypt:2)
  4 ogre zombies (WizLab)
  A demigod skeleton (Crypt:2)
  2 hound skeletons
  2 worker ant zombies (D:7)
  A howler monkey skeleton (D:4)
  13 adders
  A gnoll (Orc:2)
  2 shadow imps
  A worm zombie (Crypt:2)
  3 worms
  A barachi zombie (Crypt:2)
  A dart slug (D:3)
  4 leopard geckos
  119 orcs
  2 bats
  4 giant cockroaches
  5 goblins
  5 hobgoblins
  17 jackals
  4 quokkas
  A ball python (D:3)
  3 frilled lizards
  15 kobolds
  4 rats
  A rat skeleton (Crypt:1)
  A bush (Zot:2)
  A butterfly (D:6)
  7 fungi
  5 plants (Zot:2)
1896 creatures vanquished.

Vanquished Creatures (collateral kills)
  A pandemonium lord (Depths:5)
  A Killer Klown (Zot:5)
  the Lernaean hydra (Swamp:4)
  An electric golem (Zot:5)
  3 Orb Guardians (Zot:5)
  A frost giant (Depths:2)
  A deep elf sorcerer (Vaults:3)
  A balrug (D:3)
  A deep elf annihilator (Vaults:3)
  A hydra (Swamp:4)
  A two-headed ogre (Depths:2)
  A sun demon (D:12)
  A sixfirhy (D:7)
  A swamp dragon (Swamp:4)
  4 deep elf archers
  4 deep elf magi
  A mana viper (shapeshifter) (Depths:2)
  An orc sorcerer (Orc:1)
  A moth of wrath (Zot:5)
  5 red devils
  A hellwing (Depths:5)
  A queen bee (shapeshifter) (Vaults:3)
  A troll (Vaults:5)
  An air elemental (Depths:5)
  A ynoxinul (D:12)
  A neqoxec (Depths:5)
  A warg (Vaults:5)
  An orc warrior (Orc:1)
  2 ogres
  An electric eel (Orc:1)
  An orc wizard (Orc:2)
  8 orcs
52 creatures vanquished.

Vanquished Creatures (others)
  9 eldritch tentacles
  A purple draconian (Zot:3)
  A two-headed ogre (Orc:2)
  A deep elf knight (Elf:2)
  A shadow wraith (Vaults:5)
  A moth of wrath (Zot:5)
  A black mamba (Snake:4)
  A yaktaur (Vaults:1)
  A warg (Orc:1)
  An ogre (Vaults:5)
  An orc (Orc:1)
  3 briar patches (Swamp:4)
  14 fungi
  26 plants
62 creatures vanquished.

Grand Total: 2010 creatures vanquished

Notes
Turn   | Place    | Note
-------+----------+-------------------------------------------
     0 | D:1      | Leszczynek the Vine Stalker Wanderer began the quest for the Orb.
     0 | D:1      | Leszczynek set off with: a +2 mace, a potion of lignification {!q}, a +0 buckler, a bread ration, a +0 robe
     0 | D:1      | Reached XP level 1. HP: 12/12 MP: 2/2
     0 | D:1      | 14/11/14 (4/3/5)
    93 | D:1      | Reached skill level 1 in Unarmed Combat
   154 | D:1      | Reached XP level 2. HP: 8/16 MP: 1/3
   540 | D:2      | Reached skill level 2 in Unarmed Combat
   550 | D:2      | Reached XP level 3. HP: 17/20 MP: 4/4
   641 | D:2      | Reached skill level 1 in Dodging
   852 | D:3      | Gained mutation: Your natural rate of healing is unusually fast. [Vine Stalker growth]
   852 | D:3      | Reached XP level 4. HP: 17/25 MP: 3/5
   883 | D:3      | Found a radiant altar of Vehumet.
   980 | D:3      | Reached skill level 3 in Unarmed Combat
  1114 | D:3      | Found a basalt altar of Yredelemnul.
  1424 | D:4      | Reached XP level 5. HP: 22/28 MP: 3/6
  1429 | D:4      | Found a stormy altar of Qazlal.
  1456 | D:5      | Entered Level 5 of the Dungeon
  1471 | D:5      | Reached skill level 2 in Shields
  1751 | D:6      | Reached skill level 4 in Unarmed Combat
  1759 | D:6      | Reached XP level 6. HP: 14/32 MP: 2/7
  1799 | D:6      | Identified the Incunabulum of Creative Attacks
  1804 | D:6      | Learned a level 1 spell: Summon Butterflies
  1832 | D:5      | Found a white marble altar of Elyvilon.
  1872 | D:5      | Reached skill level 2 in Dodging
  1939 | D:5      | Reached skill level 5 in Unarmed Combat
  1979 | D:5      | Reached XP level 7. HP: 32/36 MP: 8/8
  1997 | D:5      | Noticed Dowan
  2030 | D:5      | Killed Dowan
  2030 | D:5      | Reached skill level 3 in Shields
  2120 | D:5      | Noticed Prince Ribbit
  2242 | D:5      | Reached skill level 6 in Unarmed Combat
  2337 | D:6      | Found a shimmering altar of Xom.
  2357 | D:6      | wat
  2469 | D:6      | Found a staircase to the Ecumenical Temple.
  2488 | Temple   | Entered the Ecumenical Temple
  2495 | Temple   | Became a worshipper of Cheibriados the Contemplative
  2691 | D:6      | Reached skill level 1 in Invocations
  2692 | D:6      | Reached skill level 7 in Unarmed Combat
  2692 | D:6      | Gained mutation: You have razor-sharp teeth. [Vine Stalker growth]
  2692 | D:6      | Reached XP level 8. HP: 25/41 MP: 4/9
  2790 | D:6      | Reached skill level 2 in Invocations
  2880 | D:6      | Reached * piety under Cheibriados
  3028 | D:7      | Found Tofuku's General Store.
  3057 | D:7      | Bought a +2 helmet of intelligence for 236 gold pieces
  3146 | D:7      | Reached skill level 8 in Unarmed Combat
  3175 | D:7      | nice
  3175 | D:7      | just found the exact same helmet
  3176 | D:7      | it even looks the same
  3256 | D:8      | Reached skill level 3 in Invocations
  3306 | D:8      | Noticed Grum
  3316 | D:8      | Killed Grum
  3335 | D:8      | Reached skill level 9 in Unarmed Combat
  3341 | D:8      | Reached skill level 3 in Dodging
  3341 | D:8      | Reached XP level 9. HP: 16/44 MP: 12/12
  3377 | D:8      | Found Kanun's Food Shoppe.
  3687 | D:8      | Noticed Psyche
  3700 | D:8      | Killed Psyche
  3741 | D:8      | ok, bad idea
  3742 | D:8      | Reached skill level 4 in Dodging
  3742 | D:8      | Reached skill level 10 in Unarmed Combat
  3894 | D:8      | Reached ** piety under Cheibriados
  3906 | D:8      | Found a burning altar of Makhleb.
  3995 | D:9      | Reached skill level 4 in Fighting
  4023 | D:9      | Found an opulent altar of Gozag.
  4045 | D:9      | ?
  4045 | D:9      | crossbows can be of electrocution?
  4045 | D:9      | damn son
  4074 | D:9      | Reached skill level 1 in Crossbows
  4082 | D:9      | Reached skill level 2 in Crossbows
  4086 | D:9      | Reached skill level 3 in Crossbows
  4086 | D:9      | Reached XP level 10. HP: 45/50 MP: 13/13
  4098 | D:9      | Reached skill level 4 in Crossbows
  4285 | D:9      | Found a staircase to the Lair.
  4295 | D:9      | Reached skill level 5 in Crossbows
  4353 | D:9      | Reached skill level 11 in Unarmed Combat
  4362 | D:9      | Reached skill level 5 in Dodging
  4364 | D:9      | Reached skill level 5 in Fighting
  4573 | D:9      | Reached *** piety under Cheibriados
  4775 | D:10     | Entered Level 10 of the Dungeon
  4819 | D:10     | Noticed Erica
  4859 | D:10     | Reached skill level 6 in Fighting
  4866 | D:10     | Noticed a gargoyle
  4870 | D:10     | Killed a gargoyle
  4870 | D:10     | Reached skill level 6 in Dodging
  4870 | D:10     | Reached XP level 11. HP: 55/56 MP: 11/14
  4907 | D:10     | Noticed emiel's ghost (novice FoAs)
  4997 | D:10     | Reached **** piety under Cheibriados
  5000 | D:10     | Reached skill level 4 in Invocations
  5074 | D:10     | Found Tisofa's Jewellery Boutique.
  5374 | D:11     | Found a portal to a secret trove of treasure.
  5385 | D:11     | trove: +4 shadow DS
  5661 | D:12     | Noticed a two-headed ogre
  5666 | D:12     | Killed a two-headed ogre
  5666 | D:12     | Reached skill level 2 in Evocations
  5812 | D:12     | Reached skill level 3 in Evocations
  5834 | D:12     | Reached skill level 5 in Invocations
  5891 | D:12     | Reached ***** piety under Cheibriados
  6043 | D:12     | Reached skill level 7 in Fighting
  6092 | D:12     | Noticed a deep elf mage
  6098 | D:12     | Killed a deep elf mage
  6098 | D:12     | Reached skill level 4 in Evocations
  6257 | D:11     | Found a staircase to the Orcish Mines.
  6342 | Orc:1    | Entered Level 1 of the Orcish Mines
  6376 | Orc:1    | Found Jibinex's Magic Scroll Emporium.
  6489 | Orc:1    | Noticed an orc sorcerer
  6503 | Orc:1    | Killed an orc sorcerer
  6607 | Orc:1    | Reached skill level 7 in Dodging
  6727 | Orc:1    | Noticed a cyclops
  6734 | Orc:1    | Killed a cyclops
  6734 | Orc:1    | Reached skill level 5 in Evocations
  6734 | Orc:1    | Gained mutation: You heal very quickly. [Vine Stalker growth]
  6734 | Orc:1    | Reached XP level 12. HP: 64/64 MP: 16/16
  6738 | Orc:1    | Noticed Josephine
  6818 | Orc:2    | Entered Level 2 of the Orcish Mines
  6825 | Orc:2    | Noticed Nessos
  6842 | Orc:2    | Noticed a two-headed ogre
  7013 | Orc:1    | HP: 10/64 [orc/falchion of electrocution (7)]
  7075 | Orc:2    | Killed Josephine
  7075 | Orc:2    | Reached skill level 8 in Fighting
  7084 | Orc:2    | Killed Nessos
  7318 | Orc:2    | Noticed a two-headed ogre
  7329 | Orc:2    | Killed a two-headed ogre
  7392 | Orc:2    | Reached skill level 6 in Evocations
  7599 | Orc:2    | Found Alaxa's Antique Armour Emporium.
  7615 | Orc:2    | Reached skill level 6 in Invocations
  7628 | Orc:2    | Found Ridoat's Magic Scroll Shoppe.
  7681 | Orc:2    | Found a roughly hewn altar of Beogh.
  7731 | Orc:2    | Reached skill level 12 in Unarmed Combat
  7931 | Orc:2    | Reached XP level 13. HP: 55/69 MP: 18/18
  7947 | Orc:2    | Noticed Snorg
  7963 | Orc:2    | Killed Snorg
  7963 | Orc:2    | Reached skill level 8 in Dodging
  8028 | Orc:2    | Found a staircase to the Elven Halls.
  8234 | Orc:2    | Reached skill level 7 in Invocations
  8344 | Orc:2    | Reached skill level 3 in Armour
  8351 | Orc:2    | Reached ****** piety under Cheibriados
  8361 | Orc:2    | Noticed an orc warlord
  8376 | Orc:2    | Killed an orc warlord
  8376 | Orc:2    | Reached skill level 4 in Armour
  8496 | Orc:2    | Found Zoodghy's Armour Shop.
  8563 | Orc:2    | Reached skill level 5 in Armour
  8600 | Orc:2    | Found a roughly hewn altar of Beogh.
  8627 | Orc:2    | Found Gajoskoh's Armour Emporium.
  8724 | Orc:2    | Reached skill level 6 in Armour
  8867 | D:10     | Bought the ring of the Assorted Nights {Wiz rElec rPois rC+ Int+6} for 1017 gold pieces
  8887 | D:10     | Learned a level 4 spell: Summon Lightning Spire
  9008 | D:10     | Found a sparkling altar of Nemelex Xobeh.
  9021 | D:10     | Noticed Urug
  9024 | D:10     | Killed Erica
  9036 | D:10     | Killed Urug
  9036 | D:10     | Reached skill level 1 in Summonings
  9036 | D:10     | Reached skill level 1 in Air Magic
  9051 | D:10     | Killed emiel's ghost
  9151 | D:12     | Reached skill level 2 in Summonings
  9205 | D:12     | Reached skill level 2 in Air Magic
  9275 | D:13     | Reached skill level 7 in Armour
  9521 | D:13     | Reached skill level 3 in Summonings
  9564 | D:13     | Reached skill level 3 in Air Magic
  9573 | D:13     | Reached XP level 14. HP: 59/74 MP: 18/20
  9667 | D:13     | Reached skill level 4 in Summonings
  9686 | D:13     | Reached skill level 4 in Air Magic
  9711 | D:13     | Reached skill level 1 in Spellcasting
  9765 | D:14     | Found a gate to the Vaults.
  9765 | D:14     | Noticed Rupert
  9792 | D:13     | Reached skill level 2 in Spellcasting
  9923 | D:14     | Reached skill level 3 in Spellcasting
 10063 | D:14     | Reached skill level 4 in Spellcasting
 10251 | Lair:1   | Entered Level 1 of the Lair of Beasts
 10276 | Lair:2   | Noticed Sonja
 10288 | Lair:2   | Killed Sonja
 10334 | Lair:2   | Found a staircase to the Snake Pit.
 10394 | Lair:2   | Found a dark tunnel.
 10399 | Volcano  | Entered a volcano
 10431 | Volcano  | Found a bloodstained altar of Trog.
 10432 | Volcano  | Noticed salapander's ghost (journeyman VSFi)
 10445 | Volcano  | Killed salapander's ghost
 10445 | Volcano  | Reached skill level 5 in Summonings
 10457 | Volcano  | Reached skill level 5 in Air Magic
 10566 | Volcano  | its_shit.jpg
 11168 | Lair:4   | Found a staircase to the Swamp.
 11184 | Lair:4   | Reached skill level 6 in Summonings
 11184 | Lair:4   | Reached skill level 6 in Air Magic
 11579 | Lair:5   | Reached skill level 13 in Unarmed Combat
 11715 | Lair:4   | Reached skill level 4 in Shields
 11882 | Lair:5   | Found a staircase to the Slime Pits.
 11962 | Lair:5   | Reached skill level 9 in Fighting
 11984 | Lair:6   | Entered Level 6 of the Lair of Beasts
 12079 | Lair:6   | Reached XP level 15. HP: 49/79 MP: 23/23
 12171 | Lair:6   | Reached skill level 5 in Shields
 12185 | Lair:6   | Reached skill level 8 in Invocations
 12682 | Swamp:1  | Entered Level 1 of the Swamp
 12906 | Swamp:2  | Reached skill level 6 in Shields
 12962 | Swamp:2  | Reached skill level 9 in Dodging
 13046 | Swamp:1  | Reached skill level 10 in Fighting
 13080 | Swamp:2  | Noticed Kirke
 13087 | Swamp:2  | Noticed Nikola
 13168 | Swamp:4  | Entered Level 4 of the Swamp
 13311 | Swamp:2  | Reached skill level 9 in Invocations
 13498 | Swamp:4  | Reached skill level 1 in Stealth
 13535 | Swamp:4  | Reached skill level 2 in Stealth
 13688 | Swamp:4  | Reached skill level 3 in Stealth
 13799 | Swamp:4  | Reached skill level 7 in Shields
 13812 | Swamp:4  | Reached skill level 8 in Armour
 13821 | Swamp:4  | Noticed the 27-headed Lernaean hydra
 13821 | Swamp:4  | HP: 11/80 [the 27-headed Lernaean hydra (6)]
 13822 | Swamp:4  | nice
 13834 | Swamp:4  | Killed the 27-headed Lernaean hydra
 13834 | Swamp:4  | Reached XP level 16. HP: 31/85 MP: 24/24
 14050 | Swamp:4  | Got a decaying rune of Zot
 14226 | Swamp:1  | Reached skill level 8 in Shields
 14416 | Snake:1  | Entered Level 1 of the Snake Pit
 14577 | Snake:1  | Reached skill level 9 in Armour
 14734 | Snake:3  | Noticed a nagaraja
 14740 | Snake:3  | Killed a nagaraja
 14753 | Snake:4  | Entered Level 4 of the Snake Pit
 14791 | Snake:4  | Noticed a nagaraja
 14796 | Snake:4  | Reached skill level 14 in Unarmed Combat
 15068 | Snake:4  | Noticed a nagaraja
 15079 | Snake:4  | Killed a nagaraja
 15079 | Snake:4  | Reached skill level 9 in Shields
 15254 | Snake:4  | Killed a nagaraja
 15299 | Snake:4  | Reached skill level 10 in Invocations
 15309 | Snake:4  | HP: 17/85 [anaconda (1)]
 15339 | Snake:4  | Reached skill level 10 in Shields
 15339 | Snake:4  | Reached XP level 17. HP: 32/89 MP: 17/25
 15694 | Snake:3  | Reached skill level 11 in Shields
 16039 | Snake:4  | Reached skill level 12 in Shields
 16118 | Snake:4  | HP: 15/89 [nagaraja/vampiric halberd (9)]
 16120 | Snake:4  | HP: 3/89 [nagaraja/vampiric halberd (12)]
 16486 | Snake:4  | Got a serpentine rune of Zot
 16983 | Lair:1   | Found an opulent altar of Gozag.
 17332 | D:14     | Killed Rupert
 17372 | D:15     | Entered Level 15 of the Dungeon
 17372 | D:15     | Noticed Gorglomux's ghost (journeyman VSAs)
 17381 | D:15     | Found a labyrinth entrance.
 17400 | D:15     | Killed Gorglomux's ghost
 17447 | D:15     | Reached skill level 6 in Crossbows
 17525 | Lab      | Entered a labyrinth
 17780 | Lab      | Learned a level 4 spell: Passage of Golubria
 17783 | Lab      | Learned a level 2 spell: Passwall
 17788 | Lab      | Learned a level 4 spell: Control Undead
 17837 | D:15     | Reached XP level 18. HP: 88/95 MP: 27/27
 17894 | D:15     | Found a runed door.
 17894 | D:15     | Found a white marble altar of Elyvilon.
 17910 | D:15     | Reached skill level 7 in Crossbows
 17992 | D:15     | Found a staircase to the Depths.
 18112 | Vaults:1 | Entered Level 1 of the Vaults
 18118 | Vaults:1 | Noticed a Brimstone Fiend
 18226 | Vaults:1 | Reached skill level 8 in Crossbows
 18331 | Vaults:1 | Reached skill level 1 in Translocations
 18411 | Vaults:1 | Reached skill level 2 in Translocations
 18566 | Vaults:1 | Reached skill level 3 in Translocations
 18645 | Vaults:1 | Reached skill level 7 in Evocations
 18760 | Vaults:2 | Found Mibly's Weapon Emporium.
 18868 | Vaults:2 | Reached skill level 4 in Translocations
 18910 | Vaults:2 | Found a magical portal.
 18927 | WizLab   | Entered Zonguldrok's Shrine
 18944 | WizLab   | Reached skill level 15 in Unarmed Combat
 19063 | WizLab   | Reached skill level 9 in Crossbows
 19199 | WizLab   | HP: 11/95 [skeletal warrior/halberd (17)]
 19200 | WizLab   | HP: 5/95 [ancient champion/bolt of negative energy (8)]
 19200 | WizLab   | HP: 1/95 [ancient champion/bolt of negative energy (4)]
 19301 | Vaults:2 | Reached skill level 5 in Translocations
 19590 | Vaults:2 | Reached skill level 6 in Translocations
 19621 | Vaults:2 | Reached skill level 5 in Spellcasting
 19665 | Vaults:2 | Noticed Mara
 19666 | Vaults:2 | Noticed Leszczynek's illusion
 19698 | Vaults:2 | Noticed Leszczynek's illusion
 19725 | Vaults:1 | Found Extuaxaw's Food Boutique.
 19785 | Vaults:1 | Reached skill level 6 in Spellcasting
 20105 | Vaults:3 | Reached skill level 7 in Spellcasting
 20181 | Vaults:3 | Reached skill level 8 in Evocations
 20213 | Vaults:3 | Reached XP level 19. HP: 98/98 MP: 31/31
 20282 | Vaults:3 | Reached skill level 8 in Spellcasting
 20295 | Vaults:3 | Noticed a Brimstone Fiend
 20517 | Vaults:3 | Reached skill level 9 in Spellcasting
 20527 | Vaults:3 | Reached skill level 10 in Crossbows
 20540 | Vaults:3 | HP: 16/99 [large slime creature (10)]
 20549 | Vaults:3 | HP: 8/99 [large slime creature (10)]
 20703 | Vaults:3 | Reached skill level 10 in Spellcasting
 20820 | Vaults:3 | Reached skill level 11 in Invocations
 20912 | Vaults:3 | Reached skill level 11 in Fighting
 21096 | Vaults:3 | Reached skill level 11 in Spellcasting
 21328 | Vaults:3 | Reached skill level 12 in Spellcasting
 21483 | Vaults:4 | Reached skill level 12 in Invocations
 21686 | Vaults:4 | Reached skill level 13 in Spellcasting
 21724 | Vaults:4 | Noticed a lich
 21734 | Vaults:4 | Killed a lich
 21734 | Vaults:4 | Reached XP level 20. HP: 105/105 MP: 38/38
 22163 | Vaults:3 | Noticed a caustic shrike
 22174 | Vaults:3 | Killed a caustic shrike
 22209 | Vaults:3 | what's a caustic shrike doing in vaults?
 22209 | Vaults:3 | not a shapeshifter
 22329 | Vaults:2 | Found a staircase to the Crypt.
 22487 | Vaults:1 | Reached skill level 14 in Spellcasting
 22787 | Elf:1    | Entered Level 1 of the Elven Halls
 22896 | Elf:1    | Learned a level 1 spell: Apportation
 22898 | Elf:1    | Learned a level 1 spell: Animate Skeleton
 22973 | Elf:1    | Reached skill level 10 in Dodging
 23000 | Elf:1    | Found a deep blue altar of Sif Muna.
 23036 | Elf:1    | Reached skill level 1 in Transmutations
 23047 | Elf:1    | Reached skill level 1 in Earth Magic
 23071 | Elf:1    | Reached skill level 2 in Transmutations
 23078 | Elf:1    | Reached skill level 2 in Earth Magic
 23122 | Elf:1    | Identified the Handbook of Summoning
 23130 | Elf:1    | Learned a level 5 spell: Aura of Abjuration
 23237 | Elf:2    | Found Nevesing's Antique Armour Boutique.
 23240 | Elf:2    | Bought an embroidered cloak for 225 gold pieces
 23269 | Elf:2    | Reached skill level 3 in Transmutations
 23452 | Elf:2    | Reached skill level 3 in Earth Magic
 23496 | Elf:2    | Reached skill level 4 in Transmutations
 23648 | Elf:1    | Reached skill level 4 in Earth Magic
 23716 | Elf:3    | Entered Level 3 of the Elven Halls
 24030 | Elf:3    | Noticed Roxanne
 24047 | Elf:3    | Killed Roxanne
 24057 | Elf:3    | Learned a level 6 spell: Statue Form
 24086 | Elf:3    | Reached skill level 5 in Transmutations
 24494 | Elf:1    | Reached skill level 5 in Earth Magic
 24636 | Elf:3    | Reached skill level 6 in Transmutations
 24636 | Elf:3    | Reached XP level 21. HP: 98/109 MP: 35/40
 24645 | Elf:3    | Reached skill level 6 in Earth Magic
 24751 | Elf:3    | Reached skill level 7 in Transmutations
 24753 | Elf:3    | Got a twitching turquoise ring
 24764 | Elf:3    | Identified the ring of Seyrrame {+Blink rC+ MR+ SInv} (You took it off a deep elf blademaster on level 3 of the Elven Halls)
 24785 | Elf:3    | Reached skill level 7 in Earth Magic
 25044 | Elf:3    | Reached skill level 16 in Unarmed Combat
 25062 | Elf:3    | Identified Naum Faz's Incunabulum of Ignition
 25077 | Elf:3    | Learned a level 7 spell: Malign Gateway
 25081 | Elf:3    | welp
 25081 | Elf:3    | still no lesser beckoning
 25359 | Vaults:1 | Reached skill level 1 in Necromancy
 25500 | Crypt:1  | Entered Level 1 of the Crypt
 25576 | Crypt:1  | Reached skill level 2 in Necromancy
 25676 | Crypt:2  | Identified the Incunabulum of Creative Execration
 25862 | Crypt:3  | Entered Level 3 of the Crypt
 25913 | Crypt:3  | Reached skill level 13 in Shields
 25942 | Crypt:3  | Reached skill level 3 in Necromancy
 26164 | Crypt:3  | oooh
 26173 | Crypt:3  | Learned a level 8 spell: Death's Door
 26266 | Crypt:3  | Reached skill level 12 in Fighting
 26282 | Crypt:3  | Found a staircase to the Tomb.
 26480 | Crypt:3  | Reached skill level 4 in Necromancy
 26601 | Crypt:3  | Found an ancient bone altar of Kikubaaqudgha.
 26650 | Crypt:3  | Learned a level 3 spell: Regeneration
 26661 | Crypt:3  | Identified Kapte's Tome of the Harmful Entourage
 26837 | Crypt:3  | Reached skill level 4 in Stealth
 26848 | Crypt:3  | Reached skill level 5 in Necromancy
 27032 | Vaults:5 | Entered Level 5 of the Vaults
 27041 | Vaults:4 | Reached XP level 22. HP: 116/116 MP: 41/41
 27044 | Vaults:4 | Reached skill level 5 in Stealth
 27121 | Vaults:4 | Reached skill level 6 in Stealth
 27148 | Vaults:5 | Reached skill level 6 in Necromancy
 27182 | Vaults:5 | Noticed a golden dragon
 27190 | Vaults:5 | Killed a golden dragon
 27207 | Vaults:5 | Reached skill level 7 in Stealth
 27211 | Vaults:5 | Reached skill level 11 in Dodging
 27274 | Vaults:5 | Identified Ola Kia's Papyrus of Bewitchment
 27305 | Vaults:5 | Reached skill level 7 in Necromancy
 27325 | Vaults:5 | Reached skill level 8 in Stealth
 27345 | Vaults:5 | Reached skill level 1 in Charms
 27368 | Vaults:5 | Reached skill level 2 in Charms
 27424 | Vaults:5 | Reached skill level 3 in Charms
 27470 | Vaults:5 | Reached skill level 9 in Stealth
 27490 | Vaults:5 | Got a silver rune of Zot
 27492 | Vaults:5 | Identified the cursed -8 large shield of Peek-a-Boo {rPois rN+ Int+3} (You found it on level 5 of the Vaults)
 27493 | Vaults:5 | wew
 27493 | Vaults:5 | Identified the +2 pair of gloves of Cif Lecw {Dex+3} (You found it on level 5 of the Vaults)
 27532 | Vaults:5 | Noticed Jorgrun
 27541 | Vaults:5 | Killed Jorgrun
 27581 | Vaults:5 | Noticed Saint Roka
 27591 | Vaults:5 | Reached skill level 4 in Charms
 27592 | Vaults:5 | Reached skill level 13 in Invocations
 27597 | Vaults:5 | Killed Saint Roka
 27609 | Vaults:5 | Reached skill level 5 in Charms
 27609 | Vaults:5 | Reached skill level 8 in Necromancy
 27649 | Vaults:5 | Reached XP level 23. HP: 80/121 MP: 32/42
 27696 | Vaults:5 | Reached skill level 10 in Stealth
 27753 | Vaults:5 | Reached skill level 6 in Charms
 27825 | Vaults:5 | Noticed a golden dragon
 27832 | Vaults:5 | Killed a golden dragon
 27832 | Vaults:5 | Reached skill level 7 in Charms
 27860 | Vaults:5 | Identified the ring "Jerag" {rF+ Dex+4 Stlth+} (You found it on level 5 of the Vaults)
 27947 | Vaults:4 | oh well
 27947 | Vaults:4 | i'll just go and win then
 28126 | Depths:1 | Entered Level 1 of the Depths
 28306 | Depths:1 | Reached skill level 8 in Charms
 28316 | Depths:1 | Reached skill level 9 in Necromancy
 28509 | Depths:2 | Noticed a caustic shrike
 28510 | Depths:2 | Killed a caustic shrike
 28526 | Depths:2 | HP: 20/157 [titan/the air (19)]
 28541 | Depths:2 | hm
 28578 | Depths:2 | Reached skill level 9 in Charms
 28675 | Depths:2 | Noticed a caustic shrike
 28678 | Depths:2 | Killed a caustic shrike
 28709 | Depths:2 | Noticed a juggernaut
 28712 | Depths:2 | Killed a juggernaut
 28719 | Depths:2 | Reached skill level 10 in Charms
 28725 | Depths:2 | Reached skill level 10 in Necromancy
 28803 | Depths:2 | Reached XP level 24. HP: 125/125 MP: 42/42
 28857 | Depths:3 | Noticed Margery
 28894 | Depths:2 | Killed Margery
 28902 | Depths:2 | Reached skill level 14 in Shields
 29009 | Depths:5 | Entered Level 5 of the Depths
 29087 | Depths:5 | Found a one-way gate leading to the halls of Pandemonium.
 29106 | Depths:5 | Found a gateway to a ziggurat.
 29116 | Depths:5 | Reached skill level 11 in Charms
 29142 | Depths:5 | Noticed a juggernaut
 29154 | Depths:5 | Killed a juggernaut
 29216 | Depths:5 | Reached skill level 17 in Unarmed Combat
 29353 | Depths:5 | Found a gate to the Realm of Zot.
 29360 | Zot:1    | Entered Level 1 of the Realm of Zot
 29501 | Zot:2    | Reached skill level 11 in Necromancy
 29702 | Zot:2    | Reached skill level 15 in Shields
 29836 | Zot:5    | Entered Level 5 of the Realm of Zot
 29842 | Zot:5    | Reached skill level 7 in Summonings
 29860 | Zot:5    | Reached XP level 25. HP: 129/129 MP: 42/42
 29866 | Zot:4    | Reached skill level 7 in Translocations
 29892 | Zot:5    | Reached skill level 8 in Summonings
 29973 | Zot:5    | Reached skill level 8 in Translocations
 30023 | Zot:5    | Noticed an orb of fire
 30023 | Zot:5    | Reached skill level 9 in Summonings
 30030 | Zot:5    | Killed an orb of fire
 30030 | Zot:5    | Reached skill level 9 in Translocations
 30034 | Zot:5    | Killed a Killer Klown
 30042 | Zot:5    | Noticed an ancient lich
 30051 | Zot:5    | Killed an ancient lich
 30082 | Zot:5    | Reached skill level 10 in Summonings
 30088 | Zot:5    | Reached skill level 10 in Translocations
 30154 | Zot:5    | Reached skill level 12 in Charms
 30156 | Zot:5    | Got the Orb of Zot
 30175 | Zot:5    | Noticed an ancient lich
 30179 | Zot:5    | Killed an ancient lich
 30202 | Zot:5    | Noticed an ancient lich
 30207 | Zot:5    | Killed an ancient lich
 30212 | Zot:5    | Reached skill level 12 in Necromancy
 30410 | Depths:5 | Reached XP level 26. HP: 134/134 MP: 41/42
 30448 | Depths:5 | Reached skill level 13 in Charms
 30488 | Depths:5 | Noticed Riuff the pandemonium lord
 30506 | Depths:5 | Killed Riuff the pandemonium lord
 30512 | Depths:5 | Noticed Bihofu Wegi the pandemonium lord
 30519 | Depths:5 | Killed Bihofu Wegi the pandemonium lord
 30519 | Depths:5 | Reached skill level 13 in Necromancy
 30524 | Depths:5 | Gained mutation: Scrolls take you a little longer to read. [a cacodemon]
 30541 | Depths:4 | Lost mutation: Scrolls take you a little longer to read. [potion of mutation]
 30541 | Depths:4 | Gained mutation: Your mind is acute. (Int +2) [potion of mutation]
 30541 | Depths:4 | Gained mutation: You are partially covered in thin metallic scales. (AC +2) [potion of mutation]
 30541 | Depths:4 | Gained mutation: You have sharp toenails. [potion of mutation]
 30559 | Depths:3 | Noticed Tud Huor the pandemonium lord
 30575 | Depths:3 | Killed Tud Huor the pandemonium lord
 30622 | Depths:2 | Noticed Bomu the pandemonium lord
 30627 | Depths:2 | Killed Bomu the pandemonium lord
 30758 | D:13     | Reached skill level 14 in Charms
 30776 | D:12     | Noticed Gigekios the pandemonium lord
 30786 | D:12     | Killed Gigekios the pandemonium lord
 31001 | D:5      | Noticed Duvessa
 31004 | D:5      | Killed Duvessa
 31077 | D:4      | Reached skill level 11 in Crossbows
 31139 | D:3      | Gained mutation: You are clumsy. (Dex -2) [a neqoxec]
 31233 | D:$      | Escaped with the Orb!

Vault maps used:
D:1:      lightli_molten_gateway, minmay_close_crescents
D:2:      first_bread
D:3:      nicolae_overflow_crystal_walls, nicolae_overflow_hidden_temple,
          lemuel_coloured_pillars_altar, uniq_crazy_yiuf_cottage
D:4:      grunt_qazlal_clouds
D:5:      kennysheep_mini_moat, uniq_duvessa, uniq_prince_ribbit1
D:6:      xom_butterflies, temple_green, kennysheep_generic_room_6
D:7:      serial_shops, nicolae_shop_waterfront
D:8:      makhleb_heckhound_becter, kennysheep_little_box,
          nicolae_ru_path_of_blood, kennysheep_vampire_church, serial_shops,
          shop, uniq_grum, uniq_psyche
D:9:      nicolae_gozag_cash_rules_everything_around_me,
          grunt_lair_entry_orc_guard_hut, the_bakery
D:10:     serial_shops, nicolae_shop_stone, nemelex_diamond_rough_becter,
          uniq_urug, uniq_erica
D:11:     enter_trove_1
D:13:     hex_medium, minivault_16
D:14:     david_vaults_3
D:15:     grunt_enter_depths_hoard, lab_entry_generic, lemuel_angel_altar
Temple:   nicolae_temple_x_marks_the_god
Lair:1:   basic_altar, beast_lair_carwin_10, grunt_megastairs_4
Lair:2:   dummy_snake_entry, enter_volcano_4, beast_lair_carwin_8, uniq_sonja
Lair:4:   minmay_swamp_entry_swarm
Lair:5:   minmay_slime_entry_pillars, minmay_lair_oklob_chamber
Lair:6:   hangedman_lair_tendril_chambers
Swamp:1:  evilmike_swamp_ruin_house_2
Swamp:2:  infiniplex_staircase_pool_2, uniq_nikola, uniq_louise, uniq_kirke
Swamp:3:  nicolae_swamp_very_dense_foliage
Swamp:4:  swamp_old_school, swamp_pool1, infiniplex_staircase_pool
Snake:1:  basic_altar, grunt_megastairs_1
Snake:2:  uniq_aizul
Snake:3:  serial_shops, nicolae_shop_crystal, shop_fountains, st_stairs_9,
          serial_bayou_crossing
Snake:4:  grunt_snake_rune_serpentine_throne, serial_bayou_shore_b
Orc:1:    basic_altar, serial_shops, shop, nooodl_orcs_dogs, uniq_josephine
Orc:2:    pubby_orc_utopia, uniq_nessos, uniq_snorg
Elf:1:    basic_altar, minmay_elf_demonology, library_closet, nooodl_food_tri,
          uniq_donald
Elf:2:    serial_shops, nicolae_shop_behind_doors, uniq_agnes
Elf:3:    elf_hall_gauntlet_narrow, uniq_roxanne
Vaults:1: v_misc_14, ontoclasm_vaults_loading_screen, v_misc_8, v_misc_3,
          grunt_vaults_twisty, nicolae_vaults_alarming, v_misc_12,
          ontoclasm_vaults_claustrophobia, nicolae_vaults_holding_cells,
          serial_shops, nicolae_shop_statue_plus
Vaults:2: nicolae_vaults_shelves_hall, nicolae_vaults_network_quinsquares,
          v_alt_pattern_3, grunt_vaults_focal,
          nicolae_vaults_diagonal_hallway_8, minmay_crypt_entry_simple_corners,
          v_pattern_3, grunt_vaults_trifunnel,
          dpeg_vaults_pockets_of_resistance, serial_shops, shop,
          mu_enter_wizlab_1, uniq_xtahua, uniq_mara
Vaults:3: hangedman_vaults_stream, nicolae_vaults_little_ls, st_smaller_cells,
          v_misc_14, v_misc_24, nicolae_vaults_little_squares_2,
          hangedman_vaults_locks, vaults_mumra_hex, nicolae_vaults_angled_halls,
          vaults_room_octagon, vaults_dpeg_hooks,
          ontoclasm_vaults_decontamination, nicolae_vaults_little_squares_5,
          vaults_dpeg_diagonal, vaults_dpeg_encased_lava
Vaults:4: grunt_vaults_bifocal, vaults_room_fancy_cross, hangedman_vaults_slice,
          v_misc_29, hangedman_vaults_unwind, v_misc_22, ontoclasm_vaults_chip,
          v_misc_5, grunt_vaults_hallway_long, nicolae_vaults_twisting_passages,
          ontoclasm_vaults_ring_square, grunt_vaults_diagonal
Vaults:5: serial_shops, uniq_saint_roka, uniq_jorgrun
Crypt:1:  st_vampire_maze, grunt_crypt_arrival_split
Crypt:3:  quadcrypt_mu
Depths:1: minmay_containers, hell_entry, kennysheep_two_boxes,
          serial_bayou_shore_b
Depths:2: nicolae_legendary_halls, hangedman_decor_clover_reticule,
          grunt_hell_entry_dis_grunt, infiniplex_staircase_diamond
Depths:3: minmay_tearing_corner, grunt_pan_entry_in_and_out,
          hangedman_coc_ice_floe, uniq_jory, uniq_margery
Depths:4: minmay_the_grid_ultimate, abyss_entry, hell_entry
Depths:5: evilmike_zot_entry_gauntlet, enter_ziggurat_e,
          minmay_misc_feat_enclosed, hell_entry, marbit_kobold_abyss_entry,
          rand_demon_pan_entry_4
Zot:2:    grunt_zot_stairs_overgrown
Zot:4:    st_large_dragon_hoard_4
Zot:5:    hangedman_zot_decor_checkerboard
Volcano:  kennysheep_volcano_temple
WizLab:   wizlab_zonguldrok

Skill      XL: |  1  2  3  4  5  6  7  8  9 10 11 12 13 14 15 16 17 18 19 20 21 22 23 24 25 26 |
---------------+-------------------------------------------------------------------------------+-----
Unarmed Combat | 1 2 3 4 5 7 9 10 11 12 13 14 15 16 17 | 17.3
Dodging        | 1 2 3 4 6 7 8 9 10 11 | 11.1
Shields        | 2 3 4 7 10 12 13 15 | 15.1
Invocations    | 1 3 5 6 7 9 10 12 13 | 13.8
Fighting       | 4 6 7 8 9 10 11 12 | 12.3
Crossbows      | 3 5 6 9 10 11 | 11.5
Evocations     | 5 6 8 |  8.0
Armour         | 7 8 9 |  9.1
Summonings     | 3 6 7 10 | 10.6
Air Magic      | 3 6 |  6.0
Spellcasting   | 4 7 13 14 | 14.1
Stealth        | 3 4 9 10 | 10.0
Translocations | 6 10 | 10.4
Transmutations | 6 7 |  7.6
Earth Magic    | 5 7 |  7.6
Necromancy     | 5 8 10 11 12 13 | 13.9
Charms         | 5 10 11 12 14 | 14.2
Maces & Flails | |  1.0

Action                   |  1- 3 |  4- 6 |  7- 9 | 10-12 | 13-15 | 16-18 | 19-21 | 22-24 | 25-27 || total
-------------------------+-------+-------+-------+-------+-------+-------+-------+-------+-------++-------
Melee: Mace              |    71 |   143 |    65 |       |       |       |       |       |       ||   279
       Bite              |    17 |    34 |    79 |   375 |   728 |   927 |   742 |   426 |   168 ||  3496
       Unarmed           |       |     4 |   162 |   636 |  1167 |  1485 |  1224 |   760 |   329 ||  5767
       Hand crossbow     |       |       |       |       |       |       |     3 |       |       ||     3
       Kick              |       |       |       |       |       |       |       |       |    44 ||    44
 Fire: Hand crossbow     |       |     2 |     9 |    33 |    95 |    52 |   231 |   112 |    25 ||   559
Throw: Javelin           |     1 |       |     1 |     1 |       |       |       |       |       ||     3
 Cast: Summon Butterflie |       |       |       |       |     1 |       |       |       |       ||     1
       Summon Lightning  |       |       |       |       |       |     3 |     8 |     5 |     2 ||    18
       Passage of Golubr |       |       |       |       |       |     1 |       |       |       ||     1
       Apportation       |       |       |       |       |       |       |    97 |    76 |     4 ||   177
       Statue Form       |       |       |       |       |       |       |    25 |    65 |    28 ||   118
       Aura of Abjuratio |       |       |       |       |       |       |     5 |     1 |     3 ||     9
       Regeneration      |       |       |       |       |       |       |       |    54 |    25 ||    79
       Control Undead    |       |       |       |       |       |       |       |     4 |       ||     4
       Passwall          |       |       |       |       |       |       |       |     3 |     7 ||    10
       Malign Gateway    |       |       |       |       |       |       |       |       |     9 ||     9
Invok: Bend Time         |       |       |     4 |    12 |     9 |    13 |     9 |     8 |     3 ||    58
       Slouch            |       |       |       |     4 |     5 |     7 |     3 |     7 |       ||    26
       Temporal Distorti |       |       |       |       |     4 |     2 |     1 |       |     2 ||     9
 Abil: End Transformatio |       |       |       |       |       |       |       |     3 |       ||     3
       Stop Flying       |       |       |       |       |       |       |       |     1 |       ||     1
       Evoke Blink       |       |       |       |       |       |       |       |       |     4 ||     4
Evoke: Wand              |       |     3 |    16 |    10 |     2 |    26 |    20 |     2 |     6 ||    85
       Sack of spiders   |       |       |       |     2 |     1 |       |       |       |       ||     3
       Fan of gales      |       |       |       |       |       |       |     1 |       |       ||     1
       Lightning rod     |       |       |       |       |       |       |       |     4 |       ||     4
  Use: Potion            |     1 |       |       |       |     2 |     5 |     1 |     1 |     3 ||    13
       Scroll            |       |     3 |    18 |    12 |    14 |    17 |     9 |    11 |     2 ||    86
 Stab: Sleeping          |     1 |     1 |       |     4 |     1 |       |     1 |     5 |       ||    13
       Distracted        |       |       |       |     1 |       |     1 |     1 |    11 |       ||    14
       Held in net/web   |       |       |       |       |     3 |       |       |       |       ||     3
  Eat: Chunk             |       |     4 |     5 |     9 |    16 |    10 |    11 |     8 |       ||    63
       Royal jelly       |       |       |       |       |       |     4 |     3 |     2 |       ||     9
       Bread ration      |       |       |       |       |       |       |       |       |     3 ||     3
Armor: Robe              |    16 |     1 |       |       |       |       |       |       |       ||    17
       Skin              |     1 |       |       |       |       |       |    80 |   446 |   118 ||   645
       Ring mail         |       |    45 |    63 |    46 |       |       |       |       |       ||   154
       Troll leather arm |       |       |       |    64 |     9 |       |     1 |    14 |     1 ||    89
       Plate armour      |       |       |       |       |   478 |   531 |   213 |       |       ||  1222
       Chain mail        |       |       |       |       |     1 |       |       |       |       ||     1
Dodge: Dodged            |    45 |    69 |   111 |   356 |   719 |   731 |   549 |   983 |   278 ||  3841
Block: Buckler           |    16 |    27 |    66 |   188 |   422 |   169 |       |       |       ||   888
       Shield            |       |       |       |       |       |   837 |   782 |   997 |   445 ||  3061
